 Dungeon Sprint DCSS version 0.25-a0-253-g6f1b5d974a (webtiles) character file.

Game seed: 14459113772652198995, levelgen mode: deterministic

54 MordorOrchid the Martial Artist (level 7, -11/52 HPs)
             Began as an Octopode Transmuter on Dec 5, 2019.
             Was an Initiate of Gozag.
             Killed from afar by a steam dragon (16 damage)
             ... with a ball of steam
             ... in the Dungeon (Sprint VI: "Thunderdome").
             The game lasted 00:06:58 (470 turns).

MordorOrchid the Martial Artist (OpTm)               Turns: 470, Time: 00:06:59

Health: -11/52     AC:  1    Str: 15    XL:     7   Next: 62%
Magic:  24/24      EV: 20    Int: 23    God:    Gozag
Gold:   707        SH:  0    Dex: 16    Spells: 9/17 levels left

rFire    . . .     SeeInvis +     - Unarmed
rCold    + + +     Gourm    .   (no shield)
rNeg     + + .     Faith    .   (helmet restricted)
rPois    .         Spirit   .   p - amulet of Music {RegenMP +Blink MR+ Dex-4 Stlth+}
rElec    +         Reflect  .   n - ring of Nicsyep {rC+ rN+ Int+2 Dex+4 Stlth-}
rCorr    .         Harm     .   o - ring "Usurheps" {Wiz Str+4}
MR       +....     NoTele   +   q - ring "Ibes" {EV+3 Str+2}
Stlth    ++++++....             r - ring of Jamu {rF+ Slay+3 Stlth+}
HPRegen  0.17/turn              s - ring "Zoot" {rC+ Stlth+}
MPRegen  0.44/turn              t - ring "Rytikeh" {-Tele rN+ MP+9 Dex+3 Stlth+}
                                u - ring "Xiushriac" {rElec Int+4}
                                v - ring of Giadob {Ice +Inv SInv Stlth+}

@: appendage (expiring), gold aura, very slightly contaminated
A: almost no armour, stealthy swim, amphibious, 8 rings, constrict 8, tentacle
spike 3, camouflage 1, gelatinous body 1
a: End Transformation, Potion Petition, Call Merchant, Bribe Branch, Renounce
Religion, Evoke Blink, Evoke Invisibility


You were in the Dungeon.
You worshipped Gozag.
Gozag was pleased with you.
You were not hungry.
One of your tentacles had a temporary spike.
You visited 1 branch You collected 1612 gold pieces.
You spent 905 gold pieces at shops.

Inventory:

Missiles
 a - 12 arrows
Jewellery
 m - the amulet of Rodiziwo {Faith *Slow rN+ Int+4 Dex+3}
   (You bought it in a shop in the Dungeon)

   [amulet of faith]

   It allows you to gain divine favour quickly.
   It affects your intelligence (+4).
   It affects your dexterity (+3).
   It protects you from negative energy.
   It may slow you when you take damage.
 n - the ring of Nicsyep (left tentacle) {rC+ rN+ Int+2 Dex+4 Stlth-}
   (You bought it in a shop in the Dungeon)

   [ring of intelligence]

   It affects your intelligence (+2).
   It affects your dexterity (+4).
   It protects you from cold.
   It protects you from negative energy.
   It makes you less stealthy.
 o - the ring "Usurheps" (right tentacle) {Wiz Str+4}
   (You bought it in a shop in the Dungeon)

   [ring of wizardry]

   It improves your spell success rate.
   It affects your strength (+4).
 p - the amulet of Music (around mantle) {RegenMP +Blink MR+ Dex-4 Stlth+}
   (You bought it in a shop in the Dungeon)

   [amulet of magic regeneration]

   It increases your magic regeneration.
   It affects your dexterity (-4).
   It affects your resistance to hostile enchantments.
   It lets you blink.
   It makes you more stealthy.
 q - the ring "Ibes" (on tentacle) {EV+3 Str+2}
   (You bought it in a shop in the Dungeon)

   [ring of evasion]

   It affects your evasion (+3).
   It affects your strength (+2).
 r - the ring of Jamu (on tentacle) {rF+ Slay+3 Stlth+}
   (You bought it in a shop in the Dungeon)

   [ring of stealth]

   It affects your accuracy and damage with ranged weapons and melee attacks
   (+3).
   It protects you from fire.
   It makes you more stealthy.
 s - the ring "Zoot" (on tentacle) {rC+ Stlth+}
   (You bought it in a shop in the Dungeon)

   [ring of stealth]

   It protects you from cold.
   It makes you more stealthy.
 t - the ring "Rytikeh" (on tentacle) {-Tele rN+ MP+9 Dex+3 Stlth+}
   (You bought it in a shop in the Dungeon)

   [ring of positive energy]

   It affects your dexterity (+3).
   It protects you from negative energy.
   It affects your magic capacity (+9).
   It prevents most forms of teleportation.
   It makes you more stealthy.
 u - the ring "Xiushriac" (on tentacle) {rElec Int+4}
   (You bought it in a shop in the Dungeon)

   [ring of intelligence]

   It affects your intelligence (+4).
   It insulates you from electricity.
 v - the ring of Giadob (on tentacle) {Ice +Inv SInv Stlth+}
   (You bought it in a shop in the Dungeon)

   [ring of ice]

   It enhances your ice magic.
   It makes you vulnerable to fire.
   It protects you from cold.
   It lets you see invisible.
   It lets you turn invisible.
   It makes you more stealthy.
Wands
 b - a wand of acid (5)
 j - a wand of iceblast (5)
Scrolls
 i - 4 scrolls of blinking
 k - 3 scrolls of fog
Potions
 d - a potion of curing
 e - 4 potions of heal wounds
 f - 4 potions of haste
 g - 2 potions of magic
 h - a potion of berserk rage
 l - 2 potions of resistance
Comestibles
 c - a ration


   Skills:
 * Level 6.0 Fighting
 * Level 6.6 Dodging
 + Level 8.8 Unarmed Combat
 + Level 5.5 Spellcasting
 + Level 5.4 Transmutations
 * Level 4.2 Earth Magic
 * Level 6.6 Evocations


You had 9 spell levels left.
You knew the following spells:

 Your Spells              Type           Power        Failure   Level  Hunger
a - Beastly Appendage     Tmut           ####..       1%          1    None
h - Bolt of Magma         Conj/Fire/Erth ##........   45%         5    #####..
s - Sticks to Snakes      Tmut           ####....     1%          2    None

Your spell library contained the following spells:

 Spells                   Type           Power        Failure   Level  Hunger
 Spider Form              Tmut/Pois      ###.......   3%          3    ##.....
 Blade Hands              Tmut           ####......   11%         5    #####..
 Ice Form                 Ice/Tmut       ####....     12%         4    ####...
 Leda's Liquefaction      Hex/Erth       ###.......   16%         4    ####...
 Statue Form              Tmut/Erth      ####.....    56%         6    #######
 Iron Shot                Conj/Erth      ###.......   89%         6    #######
 Shatter                  Erth           ####......   100%        9    #######


Dungeon Overview and Level Annotations

Branches:
Dungeon (1/1)

Altars:
Cheibriados
Dithmenos
Fedhas
Gozag
Kikubaaqudgha
Makhleb
Okawaru
Qazlal
Ru
Sif Muna
Trog
Uskayaw
Vehumet
Wu Jian
Xom
Yredelemnul
Zin
The Shining One
Beogh
Jiyva
Lugonu

Shops:
D *[%??*?*:[((!!!!


Innate Abilities, Weirdness & Mutations

You cannot wear most types of armour.
You are very stealthy in the water. (Stealth+)
You are amphibious.
You can wear up to eight rings at the same time.
You can use your tentacles to constrict eight enemies at once.
Your skin changes colour to match your surroundings (Stealth+).
Your rubbery body absorbs attacks. (AC +1, EV +1)
One of your tentacles bears a large vicious spike.


Message History

You closely miss the steam dragon.
You squeeze the steam dragon, but do no damage.
The steam dragon is moderately wounded.
Your transformation is almost over.
You tentacle-slap the steam dragon.
You pierce the steam dragon, but do no damage.
The steam dragon is moderately wounded.
The steam dragon breathes steam at you. The ball of steam hits you!
You tentacle-slap the steam dragon but do no damage.
You pierce the steam dragon.
You squeeze the steam dragon.
The steam dragon is severely wounded.
The steam dragon bites you!
* * * LOW HITPOINT WARNING * * *
The steam dragon claws you.
* * * LOW HITPOINT WARNING * * *
The steam dragon breathes steam at you. The ball of steam hits you!
You die...
Your body crumbles into a pile of gold.

#_......)_# #_......._#
###.........### #⌠...).......⌠#
######.8...)..).)8)######
##∩___......###......_._∩##
###∩........8.# #.8........∩###
##.............###.............#
#⌠.........[###@§.###..........⌠
#⌠..........# #D<§# #.)........⌠
#⌠..........###§§§###..........⌠
##.............###.............#
###∩........8.# #.8........∩###
##∩___......###......___∩##
######.8.........8.######
#⌠...........⌠# ###.........###


You could see a steam dragon.

Vanquished Creatures
  A steam dragon (D)
  An insubstantial wisp (D)
  3 sky beasts (D)
  A gnoll sergeant (D)
  A gnoll shaman (D)
  A worker ant (D)
  An adder (D)
  4 gnolls (D)
  An orc (D)
  A goblin (D)
  A kobold (D)
16 creatures vanquished.

Notes
Turn   | Place    | Note
-------+----------+-------------------------------------------
     0 | D        | MordorOrchid the Octopode Transmuter began the quest for
                  | the Orb.
     0 | D        | Reached XP level 1. HP: 13/13 MP: 3/3
     1 | D        | Found a shimmering blue altar of Sif Muna.
     1 | D        | Found a burning altar of Makhleb.
     2 | D        | Found an opulent altar of Gozag.
     2 | D        | Found a viscous altar of Jiyva.
     3 | D        | Found a roughly hewn altar of Beogh.
     3 | D        | Found a sacrificial altar of Ru.
     4 | D        | Found Neon's Delicious Food.
     4 | D        | Found a hide-covered altar of Uskayaw.
     4 | D        | Found a blossoming altar of Fedhas.
     4 | D        | Found Pach's Identification Station.
     5 | D        | Found Gerauhug's Jewellery.
     5 | D        | Found Lanarr's Advanced Armour.
     5 | D        | Round 1.
    10 | D        | Became a worshipper of Gozag Ym Sagoz the Greedy
    14 | D        | Bought a slimy garnet amulet for 45 gold pieces
    14 | D        | Bought a scintillating bronze ring for 45 gold pieces
    14 | D        | Bought a scorched golden ring for 45 gold pieces
    14 | D        | Identified the amulet of Rodiziwo {Faith *Slow rN+ Int+4
                  | Dex+3} (You bought it in a shop in the Dungeon)
    15 | D        | Identified the ring of Nicsyep {rC+ rN+ Int+2 Dex+4 Stlth-}
                  | (You bought it in a shop in the Dungeon)
    16 | D        | Identified the ring "Usurheps" {Wiz Str+4} (You bought it
                  | in a shop in the Dungeon)
    17 | D        | Bought a translucent emerald amulet for 45 gold pieces
    18 | D        | Identified the amulet of Music {RegenMP +Blink MR+ Dex-4
                  | Stlth+} (You bought it in a shop in the Dungeon)
    25 | D        | Found Wuosk's Magic Scroll Shop.
    29 | D        | Reached skill level 1 in Evocations
    29 | D        | Reached XP level 2. HP: 19/19 MP: 3/5
    30 | D        | Found a glowing silver altar of Zin.
    30 | D        | Found a basalt altar of Yredelemnul.
    30 | D        | Found Valiwal's Staff Store.
    32 | D        | Found Ceromp's Magic Scroll Shop.
    32 | D        | Found Roefe's Must-Have Magic.
    35 | D        | Found a snail-covered altar of Cheibriados.
    37 | D        | Found a shimmering altar of Xom.
    38 | D        | Found Keczeado's Distillery.
    38 | D        | Found an ornate altar of the Wu Jian Council.
    38 | D        | Found an ancient bone altar of Kikubaaqudgha.
    38 | D        | Found a stormy altar of Qazlal.
    38 | D        | Found Titir's Do-It-Yourself Clinic.
    39 | D        | Found Tiack's Distillery.
    39 | D        | Found Ollewnai's Bottled Wisdom.
    52 | D        | Found a bloodstained altar of Trog.
    55 | D        | Found an iron altar of Okawaru.
    56 | D        | Found a shadowy altar of Dithmenos.
    56 | D        | Found Peec's Weapon Rack.
    57 | D        | Found Weimazuq's Basic Armour.
    57 | D        | Found Opi Dodgh's Miscellaneous Merchandise.
    58 | D        | Found a glowing golden altar of the Shining One.
    58 | D        | Found a radiant altar of Vehumet.
    58 | D        | Found a corrupted altar of Lugonu.
    58 | D        | Found Viefedgha's Premium Goods.
    74 | D        | Bought a pitted tin ring for 45 gold pieces
    74 | D        | Bought a smoking jade ring for 45 gold pieces
    74 | D        | Bought a faintly glowing glass ring for 45 gold pieces
    74 | D        | Bought a scintillating silver ring for 45 gold pieces
    74 | D        | Identified the ring "Ibes" {EV+3 Str+2} (You bought it in a
                  | shop in the Dungeon)
    75 | D        | Identified the ring of Jamu {rF+ Slay+3 Stlth+} (You bought
                  | it in a shop in the Dungeon)
    76 | D        | Identified the ring "Zoot" {rC+ Stlth+} (You bought it in a
                  | shop in the Dungeon)
    77 | D        | Identified the ring "Rytikeh" {-Tele rN+ MP+9 Dex+3 Stlth+}
                  | (You bought it in a shop in the Dungeon)
    88 | D        | Reached skill level 4 in Unarmed Combat
    94 | D        | Arena points: 12 (+12) [x2]
    94 | D        | Reached XP level 3. HP: 23/25 MP: 7/7
   149 | D        | Round 2.
   158 | D        | Learned a level 2 spell: Sticks to Snakes
   184 | D        | Reached skill level 5 in Unarmed Combat
   184 | D        | Reached XP level 4. HP: 31/31 MP: 8/8
   262 | D        | Noticed a gnoll sergeant
   269 | D        | Killed a gnoll sergeant
   269 | D        | Arena points: 54 (+42) [x3]
   269 | D        | Reached skill level 6 in Unarmed Combat
   269 | D        | Reached XP level 5. HP: 28/37 MP: 10/10
   285 | D        | Bought a book of the Earth for 455 gold pieces
   291 | D        | Learned a level 5 spell: Bolt of Magma
   312 | D        | Bought a clouded brass ring for 45 gold pieces
   312 | D        | Bought a shimmering lapis lazuli ring for 45 gold pieces
   312 | D        | Identified the ring "Xiushriac" {rElec Int+4} (You bought
                  | it in a shop in the Dungeon)
   313 | D        | Identified the ring of Giadob {Ice +Inv SInv Stlth+} (You
                  | bought it in a shop in the Dungeon)
   325 | D        | Round 3.
   349 | D        | Noticed a sky beast
   357 | D        | Killed a sky beast
   357 | D        | Reached skill level 5 in Dodging
   357 | D        | Reached skill level 7 in Unarmed Combat
   357 | D        | Reached skill level 5 in Evocations
   357 | D        | Reached XP level 6. HP: 44/44 MP: 12/12
   393 | D        | Noticed an insubstantial wisp
   406 | D        | Killed an insubstantial wisp
   406 | D        | Reached skill level 5 in Fighting
   409 | D        | Noticed a sky beast
   415 | D        | Killed a sky beast
   415 | D        | Reached skill level 8 in Unarmed Combat
   415 | D        | Reached skill level 5 in Spellcasting
   415 | D        | Reached skill level 5 in Transmutations
   415 | D        | Reached XP level 7. HP: 38/50 MP: 14/14
   442 | D        | Noticed a steam dragon
   454 | D        | Killed a steam dragon
   454 | D        | Noticed a steam dragon
   470 | D        | Killed from afar by a steam dragon

Levels and vault maps discovered:
D:        arena_sprint

Skill      XL: |  1  2  3  4  5  6  7 |
---------------+----------------------+-----
Evocations     | 1 2 3 4 5 6 |  6.6
Fighting       | 2 3 4 5 6 |  6.0
Unarmed Combat | 4 5 6 7 8 |  8.8
Dodging        | 3 4 5 6 |  6.6
Spellcasting   | 3 4 5 |  5.5
Transmutations | 3 4 5 |  5.4
Earth Magic    | 2 3 4 |  4.2

Action                   |  1- 3 |  4- 6 |  7- 9 || total
-------------------------+-------+-------+-------++-------
Melee: Unarmed           |    15 |    22 |    11 ||    48
       Kick              |    10 |     9 |     5 ||    24
       Tentacles         |     4 |     7 |     4 ||    15
       Constrict         |     4 |     4 |       ||     8
       Punch             |       |     1 |     1 ||     2
 Cast: Beastly Appendage |     4 |     5 |     1 ||    10
 Abil: Evoke Invisibilit |       |       |     1 ||     1
 Stab: Distracted        |       |     1 |       ||     1
       Invisible         |       |       |     1 ||     1
Armor: Skin              |       |       |     1 ||     1
Dodge: Dodged            |     4 |    11 |    12 ||    27

Table legend:
 A = Non-vault XP
 B = Vault XP
 C = Vault XP percentage of total XP
 D = Non-vault monster count
 E = Vault monster count
 F = Vault count percentage of total count
                 A         B        C        D         E       F
            +---------+---------+-------+---------+---------+-------
      Total |     983 |       0 |   0.0 |      16 |       0 |   0.0
            +---------+---------+-------+---------+---------+-------
          D |     983 |       0 |   0.0 |      16 |       0 |   0.0
            +---------+---------+-------+---------+---------+-------
